 Dungeon Crawl Stone Soup version 0.22.0-75-g3901e79 (webtiles) character file.

163 CrazyArbalest the Chopper (level 5, -2/47 HPs)
             Began as a Hill Orc Fighter on Sept 14, 2018.
             Was an Initiate of Uskayaw.
             Slain by an iguana (9 damage)
             ... on level 4 of the Dungeon.
             The game lasted 00:15:21 (3245 turns).

CrazyArbalest the Chopper (Hill Orc Fighter)        Turns: 3245, Time: 00:15:22

Health: -2/47      AC:  8    Str: 20    XL:     5   Next: 44%
Magic:  2/5        EV:  7    Int:  8    God:    Uskayaw [......]
Gold:   120        SH:  9    Dex: 10    Spells: 4/4 levels left

rFire    . . .     SeeInvis .   a - +0 war axe
rCold    . . .     Gourm    .   c - +0 shield
rNeg     . . .     Faith    .   b - +0 scale mail
rPois    .         Spirit   .   (no helmet)
rElec    .         Reflect  .   (no cloak)
rCorr    .         Harm     .   u - +0 pair of gloves
MR       .....                  (no boots)
Stlth    ..........             j - amulet of rage
HPRegen  0.15/turn              (no ring)
MPRegen  0.09/turn              (no ring)

@: no status effects
A: no striking features
a: Renounce Religion, Evoke Berserk Rage


You were on level 4 of the Dungeon.
You worshipped Uskayaw.
Uskayaw was noncommittal.
You were not hungry.

You visited 1 branch of the dungeon, and saw 4 of its levels.

You collected 120 gold pieces.

Inventory:

Hand Weapons
 a - a +0 war axe (weapon)
Missiles
 e - 94 bolts
Armour
 b - a +0 scale mail (worn)
 c - a +0 shield (worn)
 u - a +0 pair of gloves (worn)
Jewellery
 i - an uncursed ring of fire
 j - an amulet of rage (around neck)
 p - an uncursed amulet of faith
Scrolls
 g - a scroll of noise {unknown}
 h - 2 scrolls of fear {unknown}
 k - 4 scrolls of identify {unknown}
 l - 2 scrolls of remove curse {unknown}
 m - a scroll of magic mapping {unknown}
 t - a scroll of immolation {unknown}
Potions
 d - 3 potions of might
 n - 2 potions of curing {unknown}
 q - a potion of ambrosia {unknown}
 r - a potion of haste {unknown}
 s - a potion of berserk rage {unknown}
Comestibles
 f - 7 rations
 o - 5 chunks of flesh


   Skills:
 + Level 4.6 Fighting
 + Level 5.1 Axes
 + Level 3.9 Armour
 + Level 0.4 Dodging
 + Level 4.0 Shields


You had 4 spell levels left.
You didn't know any spells.
Your spell library was empty.

Dungeon Overview and Level Annotations

Branches:
Dungeon (4/15)
 Temple: D:4-7

Altars:
Dithmenos
Okawaru
Ru
Sif Muna
Trog
Uskayaw

Shops:
D:4 !


Message History

You hit the iguana but do no damage.
The iguana is heavily wounded.
The iguana bites you! x2
* * * LOW HITPOINT WARNING * * *
You stomp with the beat, sending a shockwave through the revelers around you!
The iguana is severely wounded.
You feel somewhat more hungry.
You can no longer stomp with the beat.
The iguana bites you.
* * * LOW HITPOINT WARNING * * *
Okay, then.
You fail to use your ability.
The iguana bites you.
* * * LOW HITPOINT WARNING * * *
You closely miss the iguana.
The iguana is severely wounded.
The iguana bites you but does no damage.
You closely miss the iguana.
The iguana is severely wounded.
The iguana bites you!
You die...

#.# #.# #.# #.#
#.########.########
#.#................
#.#.######.###..#.#
####.#
#........#..#.##
.....#
#.###.##.#.....#
######
#....#....##.
#.(..@l...(.. #
...(...########. .
.#.##.. # # #.. #..
#.. # #.. # #


You could see an iguana.

Vanquished Creatures
  2 orc priests (D:4)
  An adder (D:4)
  An ooze (D:3)
  3 worms
  2 dart slugs
  3 leopard geckos
  An orc (D:4)
  A ball python (D:3)
  4 giant cockroaches
  6 goblins
  7 hobgoblins
  8 jackals
  2 quokkas
  12 bats
  2 frilled lizards
  11 kobolds
  10 rats
76 creatures vanquished.

Vanquished Creatures (others)
  A plant (D:1)
1 creature vanquished.

Grand Total: 77 creatures vanquished

Notes
Turn   | Place    | Note
-------+----------+-------------------------------------------
     0 | D:1      | CrazyArbalest the Hill Orc Fighter began the quest for the
                  | Orb.
     0 | D:1      | Reached XP level 1. HP: 19/19 MP: 1/1
   247 | D:1      | Reached XP level 2. HP: 25/27 MP: 2/2
   273 | D:1      | Reached skill level 3 in Axes
   637 | D:1      | Reached XP level 3. HP: 31/33 MP: 3/3
  1234 | D:2      | Found a hide-covered altar of Uskayaw.
  1311 | D:2      | Became a worshipper of Uskayaw the Reveler
  1438 | D:2      | Reached * piety under Uskayaw
  1439 | D:2      | Found an iron altar of Okawaru.
  1576 | D:2      | Noticed a moth of wrath
  1578 | D:2      | Found a bloodstained altar of Trog.
  1601 | D:2      | Reached ** piety under Uskayaw
  2083 | D:3      | Reached XP level 4. HP: 41/41 MP: 4/4
  2130 | D:3      | Found a sacrificial altar of Ru.
  2717 | D:3      | Found a deep blue altar of Sif Muna.
  2925 | D:4      | Found Tuciolak's Distillery.
  3079 | D:4      | Found a shadowy altar of Dithmenos.
  3176 | D:4      | Reached skill level 4 in Axes
  3176 | D:4      | Reached XP level 5. HP: 47/47 MP: 5/5
  3185 | D:4      | Reached skill level 5 in Axes
  3245 | D:4      | Slain by an iguana

Skill      XL: |  1  2  3  4  5 |
---------------+----------------+-----
Fighting       | 4 |  4.6
Axes           | 3 4 5 |  5.1
Shields        | 4 |  4.0
Armour         | |  3.9
Dodging        | |  0.4

Action                   |  1- 3 |  4- 6 || total
-------------------------+-------+-------++-------
Melee: War axe           |   129 |   104 ||   233
Invok: Stomp             |       |     1 ||     1
       Line Pass         |       |     1 ||     1
  Eat: Chunk             |     3 |     5 ||     8
Armor: Scale mail        |    64 |    45 ||   109
Dodge: Dodged            |    41 |    23 ||    64
Block: Shield            |    74 |    51 ||   125
